 Dungeon Crawl Stone Soup version 0.29.1 (webtiles) character file.

Game seed: 11281131786210812174

2589 olmar the Basher (level 9, -6/72 HPs)
             Began as a Palentonga Fighter on Sept 13, 2022.
             Was a Believer of Uskayaw.
             Mangled by a wight
             ... wielding a +0 halberd
              (9 damage)
             ... on level 7 of the Dungeon.
             The game lasted 00:13:10 (7387 turns).

olmar the Basher (Palentonga Fighter)               Turns: 7387, Time: 00:13:11

Health: -6/72      AC: 17    Str: 25    XL:     9   Next: 33%
Magic:  1/9        EV:  7    Int:  8    God:    Uskayaw [**....]
Gold:   304        SH:  9    Dex:  7    Spells: 8/8 levels left

rFire   . . .      SeeInvis +   e - +6 falchion of Light {vorpal, Fly Will++ Dex-4 Stlth+}
rCold   . . .      Faith    .   c - +0 buckler
rNeg    . . .      Spirit   .   b - +0 scale mail
rPois   .          Reflect  +   q - +0 helmet
rElec   .          Harm     .   (no cloak)
rCorr   .          Rampage  .   n - +0 pair of gloves
Will    ++...                   (no barding)
Stlth   +.........              y - amulet of reflection
HPRegen 0.22/turn               (no ring)
MPRegen 0.11/turn               (no ring)

@: flying, curled up
A: large, rugged brown scales 3, see invisible, deformed body, roll 1, armoured
tail, reflexive curl
a: Rolling Charge, Renounce Religion, Stomp, Line Pass


You were on level 7 of the Dungeon.
You worshipped Uskayaw.
Uskayaw was noncommittal.
You visited 2 branches of the dungeon, and saw 8 of its levels.

You collected 395 gold pieces.
You spent 91 gold pieces at shops.

Inventory:

Hand Weapons
 a - a +0 flail
 e - the +6 falchion of Light (weapon) {vorpal, Fly Will++ Dex-4 Stlth+}
   (You found it on level 7 of the Dungeon)

   It inflicts extra damage upon your enemies.
   Dex:       It affects your dexterity (-4).
   Fly:       It grants you flight.
   Will:      It greatly increases your willpower.
   Stlth:     It makes you more stealthy.
 r - a +0 morningstar
Armour
 b - a +0 scale mail (worn)
 c - a +0 buckler (worn)
 n - a +0 pair of gloves (worn)
 q - a +0 helmet (worn)
Jewellery
 o - a ring of ice
 v - a ring of wizardry
 y - an amulet of reflection (around neck)
Wands
 i - a wand of mindburst (2)
Scrolls
 f - a scroll of acquirement
 g - a scroll of enchant armour {unknown}
 j - 4 scrolls of teleportation {unknown}
 k - 3 scrolls of fog
 l - a scroll of magic mapping {unknown}
 p - a scroll of vulnerability {unknown}
 s - 2 scrolls of amnesia {unknown}
 z - 3 scrolls of identify
 A - a scroll of torment {unknown}
 B - a scroll of blinking {unknown}
Potions
 d - a potion of might
 h - a potion of cancellation {unknown}
 m - 2 potions of curing {unknown}
 t - a potion of degeneration {unknown}
 u - 3 potions of resistance {unknown}
 w - 2 potions of brilliance {unknown}
 x - a potion of haste {unknown}
 C - a potion of magic {unknown}


   Skills:
 + Level 5.1 Fighting
 + Level 0.5 Long Blades
 + Level 8.4 Maces & Flails
 + Level 5.9 Armour
 - Level 0.9 Dodging
 + Level 1.8 Stealth
 + Level 5.2 Shields


You had 8 spell levels left.
You didn't know any spells.
Your spell library contained the following spells:

 Spells                   Type           Power      Damage    Failure   Level
 Poisonous Vapours        Pois/Air       0%         N/A       87%         2
 Corpse Rot               Necr/Pois/Air  0%         N/A       100%        4


Dungeon Overview and Level Annotations

Branches:
Dungeon (7/15)             Temple (1/1) D:4

Altars:
Cheibriados
Dithmenos
Elyvilon
Fedhas
Hepliaklqana
Makhleb
Nemelex Xobeh
Okawaru
Qazlal
Sif Muna
Trog
Uskayaw
Vehumet
Wu Jian
Xom
Yredelemnul
Zin
The Shining One

Shops:
D:3 [?   D:5 *   D:7 (


Innate Abilities, Weirdness & Mutations

You are completely covered in rugged brown scales. (AC +3, +7% HP)
You have supernaturally acute eyesight. (SInv)
Armour fits poorly on your strangely shaped body.
You can roll at nearby foes to attack.
You have a long armoured tail.
You curl defensively after being hit. (AC +7*)


Message History

The wight hits you with a +0 morningstar.
The wight hits you but does no damage.
You can now stomp with the beat.
Unknown command.
You barely miss the wight.
The wight is severely damaged.
The wight hits you but does no damage. You block the wight's attack.
The wight hits you but does no damage.
Unknown command.
Unknown command.
You stomp with the beat, sending a shockwave through the revellers around you!
The wight is almost destroyed. x2
You can no longer stomp with the beat.
The wight barely misses you.
The wight hits you with a +0 morningstar.
You feel drained. You block the wight's attack.
You can now stomp with the beat.
You don't have enough magic at the moment.
You barely miss the wight. You tail-slap the wight.
You destroy the wight!
You block the wight's attack. x2
Unknown command.
You hit the wight.
You destroy the wight!
You block the wight's attack. x2
Your life force feels restored.
You block the wight's attack.
You hit the wight.
The wight is moderately damaged.
The wight hits you with a +0 halberd!
* * * LOW HITPOINT WARNING * * *
You can now pass through a line of other dancers.
You hit the wight but do no damage.
The wight is moderately damaged.
The wight hits you with a +0 halberd!
* * * LOW HITPOINT WARNING * * *
You hit the wight.
The wight is almost destroyed.
You block the wight's attack. The wight hits you with a +0 halberd!
You die...

...........#######..
..............#...
########...#....####
#...#..[....#
#...#....##.#
#......####.# #....#..#
#.# .
..#####)).))).###.####..
#.....z@..#.#.##.#....>.
#.#####)#.#.....###.##..
#.#).....## ##.#
#.##.#....###.##
#####.##.##.##.#.##
8.<.∩.8.....###.##
..######.##.....#
#.##.###.# #.##.#...#


You could see a wight.

Vanquished Creatures
  Joseph (D:7)
  Grinder (D:5)
  2 steam dragons
  2 water moccasins
  2 orc warriors (D:7)
  An ice beast (D:6)
  A centaur (D:5)
  A phantom (D:6)
  4 scorpions
  2 necrophages
  3 wights (D:7)
  A howler monkey (D:4)
  7 hounds
  2 jellies
  3 orc priests
  5 orc wizards
  4 adders
  2 ufetubi
  2 worms
  3 dart slugs
  19 orcs
  A ball python (D:3)
  3 bats (D:1)
  6 endoplasms
  3 giant cockroaches
  6 goblins
  7 hobgoblins
  3 jackals (D:2)
  4 kobolds
  3 quokkas
  3 frilled lizards
  6 rats
113 creatures vanquished.

Notes
Turn   | Place    | Note
-------+----------+-------------------------------------------
     0 | D:1      | olmar the Palentonga Fighter began the quest for the Orb.
     0 | D:1      | Reached XP level 1. HP: 19/19 MP: 1/1
   486 | D:1      | Reached XP level 2. HP: 25/25 MP: 2/2
  1029 | D:2      | Found a faded altar of an unknown god.
  1242 | D:2      | Reached XP level 3. HP: 17/31 MP: 3/3
  1883 | D:3      | Found a hazy altar of Hepliaklqana.
  2334 | D:3      | Found Muuj Koir's Magic Scroll Boutique.
  2340 | D:3      | Found Etad's Antique Armour Emporium.
  2929 | D:3      | Reached skill level 3 in Maces & Flails
  2929 | D:3      | Reached XP level 4. HP: 23/37 MP: 4/4
  3226 | D:4      | Reached XP level 5. HP: 41/43 MP: 5/5
  3491 | D:4      | Found a staircase to the Ecumenical Temple.
  3556 | Temple   | Entered the Ecumenical Temple
  3648 | Temple   | Became a worshipper of Uskayaw the Reveller
  3778 | D:4      | Reached * piety under Uskayaw
  4084 | D:5      | Entered Level 5 of the Dungeon
  4102 | D:5      | Found a glowing golden altar of the Shining One.
  4128 | D:5      | Noticed a centaur
  4131 | D:5      | Reached ** piety under Uskayaw
  4137 | D:5      | Killed a centaur
  4138 | D:5      | Reached skill level 4 in Maces & Flails
  4138 | D:5      | Reached XP level 6. HP: 25/50 MP: 6/6
  4366 | D:5      | Noticed a water moccasin
  4385 | D:4      | Killed a water moccasin
  4386 | D:4      | Reached *** piety under Uskayaw
  4388 | D:4      | Reached **** piety under Uskayaw
  4575 | D:5      | Gained mutation: You curl defensively after being hit. (AC
                  | +7*) [Palentonga growth]
  4575 | D:5      | Reached XP level 7. HP: 43/56 MP: 7/7
  4656 | D:5      | Found Unnikink's General Store.
  4662 | D:5      | Noticed Grinder
  4666 | D:5      | Killed Grinder
  4667 | D:5      | Reached skill level 5 in Maces & Flails
  4671 | D:5      | Bought a potion of heal wounds for 65 gold pieces
  4671 | D:5      | Bought a scroll of identify for 26 gold pieces
  4672 | D:5      | Identified a scroll of acquirement
  5366 | D:6      | Reached skill level 6 in Maces & Flails
  5371 | D:6      | Reached skill level 1 in Stealth
  5371 | D:6      | Reached XP level 8. HP: 58/65 MP: 8/8
  5910 | D:6      | Reached skill level 7 in Maces & Flails
  6388 | D:7      | Reached skill level 5 in Armour
  6710 | D:7      | Noticed Joseph
  6717 | D:7      | Reached ***** piety under Uskayaw
  6741 | D:7      | Killed Joseph
  6742 | D:7      | Reached skill level 5 in Fighting
  6742 | D:7      | Reached skill level 8 in Maces & Flails
  6742 | D:7      | Reached skill level 5 in Shields
  6742 | D:7      | Reached XP level 9. HP: 30/72 MP: 9/9
  6971 | D:7      | Identified the +6 falchion of Light {vorpal, Fly Will++
                  | Dex-4 Stlth+}
  7091 | D:7      | Found Posa's Weapon Emporium.
  7386 | D:7      | HP: 3/72 [wight/+0 halberd (8)]
  7387 | D:7      | Mangled by a wight

Illustrated notes

Levels and vault maps discovered:
D:1:      reono_arrival_forest_river, layout_basic, kennysheep_flooded_box,
          kennysheep_minor_cross
D:2:      layout_basic, basic_ecumenical_altar, kennysheep_nub
D:3:      minmay_general_purpose_star, layout_basic,
          mainiacjoe_overflow_cross_hatched, serial_shops, shop, shop
D:4:      layout_cave_pods, minmay_temple_entry_grid, minivault_25
D:5:      layout_gridville, tso_metal_star, serial_shops,
          nicolae_shop_temple_entry_statues_fountains,
          nicolae_concentric_dashed_squares_mild, reono_crystal_passage,
          minmay_fractal_squares_5, uniq_grinder
D:6:      layout_loops_ring
D:7:      layout_loops_ring, serial_shops, shop_statue, nrook_uturn,
          nicolae_inconvenience_store, uniq_joseph
Temple:   nicolae_temple_superstar

Skill      XL: |  1  2  3  4  5  6  7  8 |
---------------+-------------------------+-----
Shields        | 3 4 5 |  5.2
Maces & Flails | 3 4 6 8 |  8.4
Armour         | 3 4 5 |  5.9
Fighting       | 4 5 |  5.1
Stealth        | 1 |  1.8
Long Blades    | |  0.5
Dodging        | |  0.9

Action                   |  1- 3 |  4- 6 |  7- 9 || total
-------------------------+-------+-------+-------++-------
Melee: Flail             |   140 |    74 |   165 ||   379
       Tailslap          |     8 |     8 |    23 ||    39
       Falchion          |       |       |    24 ||    24
Invok: Line Pass         |       |       |     3 ||     3
       Stomp             |       |       |     3 ||     3
 Abil: Rolling Charge    |    17 |    14 |    24 ||    55
Evoke: Wand              |       |     6 |     5 ||    11
  Use: Scroll            |       |     1 |     2 ||     3
       Potion            |       |       |     6 ||     6
 Stab: Paralysed         |       |     2 |     4 ||     6
Armor: Scale mail        |    85 |    53 |    60 ||   198
Dodge: Dodged            |    40 |    25 |    61 ||   126
Block: Buckler           |    21 |    23 |    78 ||   122
